 Dungeon Crawl Stone Soup version 0.25-a0-322-g3677130cb1 (webtiles) character file.

Game seed: 9038648983698194278, levelgen mode: deterministic

1656 wullow the Tainter (level 9, -3/63 HPs)
             Began as a Merfolk Venom Mage on Dec 27, 2019.
             Slain by a wyvern skeleton (9 damage)
             ... on level 6 of the Dungeon.
             The game lasted 00:24:07 (8044 turns).

wullow the Tainter (Merfolk Venom Mage)             Turns: 8044, Time: 00:24:08

Health: -3/63      AC:  3    Str: 10    XL:     9   Next: 0%
Magic:  12/16      EV: 13    Int: 18    God:
Gold:   236        SH:  0    Dex: 14    Spells: 9/18 levels left

rFire    x . .     SeeInvis .   G - +3 fustibalus of Losib {venom, rElec rF- rN+ Int+2}
rCold    . . .     Gourm    .   (no shield)
rNeg     + . .     Faith    .   a - +0 robe
rPois    .         Spirit   .   w - +0 helmet
rElec    +         Reflect  .   (no cloak)
rCorr    .         Harm     .   (no gloves)
MR       .....                  (no boots)
Stlth    ++........             (no amulet)
HPRegen  0.20/turn              (no ring)
MPRegen  0.15/turn              (no ring)

@: no status effects
A: change form in water, swift swim, stealthy swim
a: no special abilities


You were on level 6 of the Dungeon.
You were not hungry.

You visited 1 branch of the dungeon, and saw 6 of its levels.
You also visited: Ossuary.

You collected 236 gold pieces.

Inventory:

Hand Weapons
 e - a +0 dagger
 p - a +0 hunting sling
 t - a +0 falchion
 x - a +0 club
 B - a +2 halberd of pain
 F - a +2 whip of flaming
 G - the +3 fustibalus of Losib (weapon) {venom, rElec rF- rN+ Int+2}
   (You found it on level 6 of the Dungeon)

   It poisons the ammo it fires.
   It affects your intelligence (+2).
   It makes you vulnerable to fire.
   It insulates you from electricity.
   It protects you from negative energy.
Missiles
 b - 168 stones
 d - 11 boomerangs
 u - 35 poisoned darts
 J - a sling bullet (quivered)
Armour
 a - a +0 robe (worn)
 j - a cursed +0 scale mail
 k - a +0 shield
 w - a +0 helmet (worn)
 C - a +1 shield of cold resistance
Jewellery
 h - an uncursed ring of poison resistance {unknown}
 m - an uncursed ring of protection from magic {unknown}
Wands
 v - a wand of digging (9)
 y - a wand of random effects (19)
 E - a wand of flame (25)
 H - a wand of iceblast (10)
Scrolls
 g - 3 scrolls of teleportation
 i - 2 scrolls of identify
 n - 2 scrolls of fog {unknown}
 o - 4 scrolls of remove curse {unknown}
 r - 2 scrolls of fear {unknown}
 A - a scroll of noise {unknown}
 D - a scroll of immolation {unknown}
Potions
 f - a potion of agility
 l - a potion of degeneration
 q - 3 potions of flight
 s - a potion of resistance
 z - a potion of lignification
 I - a potion of heal wounds
Comestibles
 c - 13 rations


   Skills:
 - Level 3.0 Fighting
 - Level 3.0 Dodging
 - Level 3.0 Stealth
 - Level 5.0 Spellcasting
 - Level 2.1 Conjurations
 - Level 2.0 Transmutations
 - Level 2.0 Fire Magic
 - Level 2.0 Air Magic
 * Level 8.9 Poison Magic


You had 9 spell levels left.
You knew the following spells:

 Your Spells              Type           Power        Failure   Level  Hunger
a - Sting                 Tmut/Pois      ###.         1%          1    None
b - Poisonous Vapours     Pois/Air       ###...       2%          2    #......
c - Mephitic Cloud        Conj/Pois/Air  ###.....     7%          3    ##.....
d - Ignite Poison         Fire/Tmut/Pois ###.....     7%          3    ##.....

Your spell library contained the following spells:

 Spells                   Type           Power        Failure   Level  Hunger
 Olgreb's Toxic Radiance  Pois           #####...     3%          4    ####...


Dungeon Overview and Level Annotations

Branches:
Dungeon (6/15)            Ossuary (visited)
 Temple: D:4-7

Altars:
Wu Jian
Xom
Yredelemnul

Annotations:
D:2 exclusion: 2 downstairs


Message History

The wyvern skeleton bites you!
Firing (i - inventory. (/) - cycle)
J - 3 sling bullets (quivered)
Press: ? - help, Shift-Dir - straight line, f/p - wyvern skeleton
Aim: a wyvern skeleton (heavily damaged)
You shoot a sling bullet.
The sling bullet hits the wyvern skeleton.
The wyvern skeleton is severely damaged.
The wyvern skeleton bites you.
* * * LOW HITPOINT WARNING * * *
The wyvern skeleton barely misses you.
Firing (i - inventory. (/) - cycle)
J - 2 sling bullets (quivered)
Press: ? - help, Shift-Dir - straight line, f/p - wyvern skeleton
Aim: a wyvern skeleton (severely damaged)
You shoot a sling bullet.
The sling bullet hits the wyvern skeleton!
The wyvern skeleton is almost destroyed.
The wyvern skeleton bites you!
* * * LOW HITPOINT WARNING * * *
The wyvern skeleton bites you!
You die...

........# ## # ...##...#
##.......... .
...(....####..........#.
........#...............
..
...............?.......#
...
......................#
...
......................#
# ...
...#...............?.#..
#.##.
...#..<.....[...@.(.....
.....
...##.......####Z######.
.... ...##.#.....####.##
... ..###.....#.....(.#
## ...#......#.......#
................... #...
..##...#............
#.... #
#..###.........(( ##...
### ........... #...


You could see a wyvern skeleton.

Vanquished Creatures
  Pikel (D:6)
  Menkaure (D:6)
  An ice beast (D:6)
  4 slaves (D:6)
  A sky beast (D:6)
  2 ogres
  A centaur (D:5)
  Blork the orc (D:4)
  A bullfrog (D:6)
  A howler monkey (D:4)
  A crimson imp (D:5)
  A hound (D:4)
  A centaur skeleton (D:4)
  A jelly (D:5)
  An orc priest (D:4)
  4 worker ants
  A howler monkey zombie (D:5)
  Robin (D:3)
  9 adders
  3 oozes
  An adder skeleton (D:3)
  5 worms
  6 dart slugs
  4 leopard geckos
  10 orcs
  13 bats
  5 giant cockroaches
  12 hobgoblins
  2 jackals (D:4)
  3 quokkas
  A ball python (D:2)
  4 frilled lizards
  16 goblins
  10 kobolds
  2 orc zombies (Ossuary)
  A quokka skeleton (D:4)
  16 rats
148 creatures vanquished.

Notes
Turn   | Place    | Note
-------+----------+-------------------------------------------
     0 | D:1      | wullow the Merfolk Venom Mage began the quest for the Orb.
     0 | D:1      | Reached XP level 1. HP: 13/13 MP: 3/3
   381 | D:1      | Reached XP level 2. HP: 16/20 MP: 0/5
   456 | D:1      | Learned a level 2 spell: Poisonous Vapours
   903 | D:1      | Reached XP level 3. HP: 25/25 MP: 1/6
  1877 | D:2      | Reached skill level 1 in Fighting
  1877 | D:2      | Reached skill level 4 in Poison Magic
  1877 | D:2      | Reached XP level 4. HP: 32/32 MP: 0/7
  2880 | D:3      | Reached skill level 1 in Air Magic
  2945 | D:3      | Reached XP level 5. HP: 14/37 MP: 1/8
  3326 | D:3      | Learned a level 3 spell: Mephitic Cloud
  3465 | D:3      | Found a basalt altar of Yredelemnul.
  3733 | D:3      | Noticed Robin
  4086 | D:3      | Killed Robin
  4341 | D:3      | Found an ornate altar of the Wu Jian Council.
  4964 | D:4      | Reached XP level 6. HP: 31/44 MP: 10/10
  5020 | D:4      | Reached skill level 1 in Conjurations
  5020 | D:4      | Reached skill level 5 in Poison Magic
  5381 | D:4      | Learned a level 3 spell: Ignite Poison
  5500 | D:4      | Found a shimmering altar of Xom.
  5691 | D:4      | Noticed Blork the orc
  5698 | D:4      | Killed Blork the orc
  5698 | D:4      | Reached XP level 7. HP: 43/51 MP: 0/11
  5960 | D:5      | Entered Level 5 of the Dungeon
  6137 | D:5      | Found a sand-covered staircase.
  6178 | Ossuary  | Entered an ossuary
  6694 | D:5      | Reached skill level 1 in Fire Magic
  6836 | D:5      | Reached skill level 6 in Poison Magic
  7364 | D:6      | Got a crystal fustibalus
  7373 | D:5      | Identified the +3 fustibalus of Losib {venom, rElec rF- rN+
                  | Int+2} (You found it on level 6 of the Dungeon)
  7408 | D:6      | Noticed Menkaure
  7419 | D:6      | Killed Menkaure
  7419 | D:6      | Reached XP level 8. HP: 43/58 MP: 6/13
  7479 | D:6      | Noticed Pikel
  7704 | D:6      | Reached skill level 7 in Poison Magic
  7981 | D:6      | Killed Pikel
  7981 | D:6      | Reached skill level 5 in Spellcasting
  7981 | D:6      | Reached skill level 8 in Poison Magic
  7996 | D:6      | Reached XP level 9. HP: 36/63 MP: 5/16
  8044 | D:6      | Slain by a wyvern skeleton

Levels and vault maps discovered:
D:1:      minmay_arrival_diagonal_passages, layout_loops_ring
D:2:      kennysheep_six_static_rooms, layout_basic, minivault_11,
          chequers_serial_rivers_micro_c
D:3:      layout_basic, lemuel_round_altar, minmay_misc_feat_diagonals,
          yredelemnul_altar_generic, uniq_robin
D:4:      layout_loops_ring, tgw_xom, uniq_blork_the_orc
D:5:      layout_loops_cross, first_ration, chequers_ossuary_entry_cave,
          hangedman_decor_peaks_small
D:6:      layout_cave_pools, minmay_temple_entry_wispy, uniq_pikel,
          uniq_menkaure

Skill      XL: |  1  2  3  4  5  6  7  8 |
---------------+-------------------------+-----
Dodging        | 3 |  3.0
Transmutations | 2 |  2.0
Fighting       | 1 2 3 |  3.0
Poison Magic   | 4 5 6 8 |  8.9
Stealth        | 3 |  3.0
Air Magic      | 1 2 |  2.0
Spellcasting   | 3 5 |  5.0
Conjurations   | 1 2 |  2.1
Fire Magic     | 1 2 |  2.0

Action                   |  1- 3 |  4- 6 |  7- 9 || total
-------------------------+-------+-------+-------++-------
Melee: Unarmed           |    20 |       |       ||    20
       Dagger            |   121 |    34 |       ||   155
       Falchion          |       |   125 |    50 ||   175
 Fire: Fustibalus        |       |       |    59 ||    59
Throw: Stone             |     3 |       |       ||     3
       Dart              |       |    12 |       ||    12
 Cast: Sting             |    21 |    18 |    19 ||    58
       Poisonous Vapours |     8 |    83 |    37 ||   128
       Mephitic Cloud    |       |       |     1 ||     1
  Use: Potion            |       |     6 |     1 ||     7
       Scroll            |       |       |     4 ||     4
 Stab: Sleeping          |     4 |     6 |     2 ||    12
  Eat: Chunk             |     4 |    18 |     9 ||    31
Armor: Robe              |    22 |    38 |     6 ||    66
Dodge: Dodged            |   108 |   162 |    89 ||   359
       Rpst.: Falchion   |       |    31 |    26 ||    57

Table legend:
 A = Non-vault XP
 B = Vault XP
 C = Vault XP percentage of total XP
 D = Non-vault monster count
 E = Vault monster count
 F = Vault count percentage of total count
                 A         B        C        D         E       F
            +---------+---------+-------+---------+---------+-------
      Total |    1369 |     998 |  42.2 |     116 |      28 |  19.4
            +---------+---------+-------+---------+---------+-------
        D:1 |      49 |       0 |   0.0 |      29 |       0 |   0.0
        D:2 |      93 |      17 |  15.5 |      26 |       8 |  23.5
        D:3 |     121 |      35 |  22.4 |      32 |      11 |  25.6
        D:4 |     227 |     165 |  42.1 |       9 |       5 |  35.7
        D:5 |     412 |       0 |   0.0 |      15 |       0 |   0.0
        D:6 |     467 |     779 |  62.5 |       5 |       2 |  28.6
    Ossuary |       0 |       2 | 100.0 |       0 |       2 | 100.0
            +---------+---------+-------+---------+---------+-------
